 Dungeon Crawl Stone Soup version 0.28-a0-1506-g3893175d92 (webtiles) character file.

Game seed: 17289322628382513522

49 dolemite99 the Ruffian (level 3, -6/36 HPs)
             Began as a Troll Delver on Jan 14, 2022.
             Mangled by an ogre (26 damage)
             ... on level 4 of the Dungeon.
             The game lasted 00:00:42 (275 turns).

dolemite99 the Ruffian (Troll Delver)                Turns: 275, Time: 00:00:43

Health: -6/36      AC:  4    Str: 22    XL:     3   Next: 51%
Magic:  2/2        EV:  9    Int:  6    God:
Gold:   41         SH:  0    Dex: 11    Spells: 2/2 levels left

rFire   . . .      SeeInvis .     - Unarmed
rCold   . . .      Faith    .   (no shield)
rNeg    . . .      Spirit   .   a - +0 robe
rPois   .          Reflect  .   (helmet restricted)
rElec   .          Harm     .   (no cloak)
rCorr   .          Rampage  .   (gloves unavailable)
Will    .....                   (boots unavailable)
Stlth   ++........              (no amulet)
HPRegen 0.92/turn               (no ring)
MPRegen 0.08/turn               (no ring)

@: hasted, very quick
A: large, unfitting armour, claws 3, regeneration 1, shaggy fur 1, tough skin 1
a: no special abilities


You were on level 4 of the Dungeon.
You visited 1 branch of the dungeon, and saw 3 of its levels.

You collected 41 gold pieces.

Inventory:

Missiles
 j - 19 stones (quivered)
Armour
 a - a +0 robe (worn)
Wands
 f - a wand of digging (3)
Scrolls
 b - a scroll of fog
 c - a scroll of magic mapping
 d - a scroll of fear
 g - a scroll of amnesia {unknown}
 h - a scroll of vulnerability {unknown}
 i - a scroll of holy word {unknown}
Potions
 e - a potion of haste


   Skills:
 - Level 2.4 Fighting
 - Level 1.5 Dodging
 - Level 2.7 Stealth
 + Level 4.0 Unarmed Combat


You had 2 spell levels left.
You didn't know any spells.
Your spell library was empty.

Dungeon Overview and Level Annotations

Branches:
Dungeon (6/15)
 Temple: D:4-7

Altars:
Dithmenos


Innate Abilities, Weirdness & Mutations

You are too large for most types of armour.
You have claws for hands.
Your natural rate of healing is unusually fast.
You are covered in fur. (AC +1)
You have tough skin. (AC +1)


Message History

A goblin comes into view. It is wielding a +0 dagger.
A dart slug comes into view.
You throw a stone.
The stone hits the dart slug but does no damage.
Found a club.
The dart slug bites you.
The goblin shouts!
You scratch the dart slug but do no damage.
The goblin hits you but does no damage. The dart slug closely misses you.
You claw the goblin!
You kill the goblin!
You scratch the dart slug.
The dart slug is moderately wounded.
The dart slug briefly extends its eye-stalks.
The dart slug launches a dart at you. The slug dart misses you.
You claw the dart slug!
You kill the dart slug!
Your Unarmed Combat skill increases to level 4!
You see here a dart slug corpse.
j - 19 stones (gained 1)
You see here a dart slug corpse.
Things that are here:
a +0 dagger; a goblin corpse
Found a stone staircase leading down.
There is a stone staircase leading down here.
You see here a +0 club.
Found a stone staircase leading up.
Found 31 bolts.
An ogre comes into view. It is wielding a +0 giant club.
An adder comes into view.
The ogre hits you with a +0 giant club!
You barely miss the ogre. You scratch the ogre.
The ogre is lightly wounded.
The adder bites you. The ogre misses you.
The adder bites you but does no damage.
You feel yourself speed up.
The ogre hits you with a +0 giant club!!
Ouch! That really hurt!
You die...

## ### ### .. ... ##..
#. ..# .##... #. #.#
...... ##O###.# ###.<.
#..@...# ##..
......S###.###########..
......# #..........#...
.###.. #.########.##..
#. #.# #..... #. #.#
#.###. # #.# #..... #.#
#..... #.# #.†##.


You could see an ogre and an adder.

Vanquished Creatures
  A jelly (D:4)
  An adder (D:4)
  A worm (D:4)
  A dart slug (D:4)
  A goblin (D:4)
  A hobgoblin (D:4)
  A kobold (D:4)
7 creatures vanquished.

Vanquished Creatures (others)
  A plant (D:5)
1 creature vanquished.

Grand Total: 8 creatures vanquished

Notes
Turn   | Place    | Note
-------+----------+-------------------------------------------
     0 | D:5      | dolemite99 the Troll Delver began the quest for the Orb.
     0 | D:5      | Reached XP level 1. HP: 22/22 MP: 0/0
    25 | D:4      | Found a shadowy altar of Dithmenos.
    37 | D:4      | Reached XP level 2. HP: 27/29 MP: 1/1
    57 | D:4      | Reached skill level 3 in Unarmed Combat
    57 | D:4      | Reached XP level 3. HP: 32/36 MP: 2/2
   185 | D:4      | Reached skill level 4 in Unarmed Combat
   269 | D:4      | Noticed an ogre
   275 | D:4      | Mangled by an ogre

Illustrated notes

Levels and vault maps discovered:
D:4:      layout_loops_ring, grunt_dithmenos_smoke, uniq_eustachio,
          uniq_crazy_yiuf_cottage
D:5:      layout_layer_cave, lemuel_temple_firewalk_a, kennysheep_boxes
D:6:      nicolae_whirlpool, layout_gridville, okawaru_metal_pillars_1_2,
          mainiacjoe_overflow_alcove_1

Skill      XL: |  1  2  3 |
---------------+----------+-----
Unarmed Combat | 3 4 |  4.0
Fighting       | |  2.4
Dodging        | |  1.5
Stealth        | |  2.7

Action                   || total
-------------------------++-------
Melee: Unarmed           ||    18
Throw: Stone             ||     1
  Use: Potion            ||     1
Armor: Robe              ||     6
Dodge: Dodged            ||     9

Table legend: (Time is in decaauts)
 A = Elapsed time spent in this place.
 B = Non-inter-level travel time spent in this place.
 C = Inter-level travel time spent in this place.
 D = Time resting spent in this place.
 E = Time spent auto-exploring this place.
 F = Levels seen in this place.
 G = Mean time per level.
                   A        B        C        D        E       F      G
               +--------+--------+--------+--------+--------+-----+--------+
         Total |    274 |    274 |      0 |      0 |    165 |   3 |   91.3 |
       Dungeon |    274 |    274 |      0 |      0 |    165 |   3 |   91.3 |
               +--------+--------+--------+--------+--------+-----+--------+

Top non-repeatable levels by time:
     D:4: 251 daAuts
     D:5: 20 daAuts
     D:6: 1 daAuts
